 Dungeon Crawl Stone Soup version 0.28-a0-239-g68911e0c57 (webtiles) character file.

Game seed: 6869860448504741601

142 lmSkywalker the Spear-Bearer (level 5, -5/38 HPs)
             Began as a Merfolk Gladiator on Aug 23, 2021.
             Killed from afar by Natasha (10 damage)
             ... with a puff of flame
             ... on level 2 of the Dungeon.
             The game lasted 00:06:36 (2372 turns).

lmSkywalker the Spear-Bearer (Merfolk Gladiator)    Turns: 2372, Time: 00:06:37

Health: -5/38      AC:  5    Str: 14    XL:     5   Next: 25%
Magic:  5/5        EV: 13    Int:  8    God:
Gold:   125        SH:  0    Dex: 16    Spells: 4/4 levels left

rFire   . . .      SeeInvis .   a - +0 trident
rCold   . . .      Faith    .   (no shield)
rNeg    . . .      Spirit   .   b - +0 leather armour
rPois   .          Reflect  .   c - +0 helmet
rElec   .          Harm     .   l - +0 cloak
rCorr   .          Rampage  .   (no gloves)
Will    .....                   (no boots)
Stlth   +.........              (no amulet)
HPRegen 0.12/turn               (no ring)
MPRegen 0.09/turn               (no ring)

@: slowed, very slow
A: (nimble swimmer 2), mertail
a: no special abilities


You were on level 2 of the Dungeon.
You visited 1 branch of the dungeon, and saw 2 of its levels.

You collected 125 gold pieces.

Inventory:

Hand Weapons
 a - a +0 trident (weapon)
Missiles
 d - 3 throwing nets
 i - 12 poisoned darts (quivered)
Armour
 b - a +0 leather armour (worn)
 c - a +0 helmet (worn)
 l - a +0 cloak (worn)
Scrolls
 e - a scroll of acquirement {unknown}
 f - a scroll of identify {unknown}
 j - a scroll of noise {unknown}
 k - 2 scrolls of magic mapping {unknown}
Potions
 g - 2 potions of brilliance {unknown}
 h - a potion of lignification {unknown}
 m - a potion of curing {unknown}
 n - 2 potions of resistance {unknown}


   Skills:
 - Level 2.1 Fighting
 + Level 8.4 Polearms
 - Level 2.0 Throwing
 - Level 4.0 Dodging


You had 4 spell levels left.
You didn't know any spells.
Your spell library contained the following spells:

 Spells                   Type           Power      Damage    Failure   Level
 Hailstorm                Conj/Ice       0%         3d3       99%         4
 Ice Form                 Ice/Tmut       0%         N/A       99%         4
 Simulacrum               Ice/Necr       0%         N/A       100%        6


Dungeon Overview and Level Annotations

Branches:
Dungeon (2/15)

Altars:
Xom

Shops:
D:2 :

Annotations:
D:2 Natasha


Innate Abilities, Weirdness & Mutations

((You are quick and stealthy near water. (Stealth+, EV+, Speed+++)))
Your lower body shifts to a powerful aquatic tail in water.


Message History

The magic dart hits you.
Your legs become a tail as you enter the water.
Natasha stares at you and mumbles some strange words.
You resist with some effort. Natasha casts a spell at you.
You resist with some effort.
You closely miss Natasha.
Natasha zaps a wand.
The puff of flame misses you. Natasha casts a spell at you.
You resist with some effort.
No target in view!
You start resting.
You feel yourself speed up.
You start resting.
HP restored.
Natasha zaps a wand.
The puff of flame hits you.
Natasha zaps a wand.
The puff of flame hits you.
You reach to attack!
You closely miss Natasha.
You are engulfed in a cloud of scalding steam.
You are engulfed in a cloud of scalding steam.
Natasha zaps a wand.
The puff of flame misses you.
Natasha howls an incantation.
Natasha's front paws start to glow.
Natasha zaps a wand.
The puff of flame hits you!
Things that are here:
a +0 short sword; 3 stones You are too injured to fight recklessly!
Natasha casts a spell at you.
You feel yourself slow down.
You are too injured to fight recklessly!
Okay, then.
Natasha claws you but does no damage.
Natasha zaps a wand.
The puff of flame hits you!
* * * LOW HITPOINT WARNING * * *
You hit Natasha.
Natasha is lightly wounded.
Natasha casts a spell.
You hit Natasha.
Natasha is moderately wounded.
Natasha zaps a wand.
The puff of flame hits you!
You die...

.#.##.##.###..<......###...8.∩.<.
.#.#..##...##......### #.........
.#...###.#.....#....## ##.....###
....## #......####)..#####...##
##..####...####§§≈≈≈≈#†# #####
(#........## ####...#.#
...####...######5)....<#
#..............#h.....>#
##..###.#.####.#@#######
#..##...#...##.#......#
...##.###...##.....##.## #.....#
#...######..#..## #.#####
#.).#######.....# ###
#............#### #...##########
#...# #^..#


You could see Natasha and a shadow imp (summoned).

Vanquished Creatures
  Jessica (D:2)
  Natasha (twice) (D:2)
  2 worms (D:2)
  3 dart slugs (D:1)
  4 endoplasms
  A giant cockroach (D:1)
  8 goblins
  6 hobgoblins
  3 jackals (D:1)
  A quokka (D:2)
  4 ball pythons
  5 bats
  6 frilled lizards
  6 kobolds
  3 rats
55 creatures vanquished.

Vanquished Creatures (others)
  A plant (D:1)
1 creature vanquished.

Grand Total: 56 creatures vanquished

Notes
Turn   | Place    | Note
-------+----------+-------------------------------------------
     0 | D:1      | lmSkywalker the Merfolk Gladiator began the quest for the
                  | Orb.
     0 | D:1      | Reached XP level 1. HP: 16/16 MP: 1/1
    59 | D:1      | Reached skill level 5 in Polearms
    63 | D:1      | Reached XP level 2. HP: 5/22 MP: 2/2
   829 | D:1      | Reached skill level 6 in Polearms
   829 | D:1      | Reached XP level 3. HP: 27/27 MP: 3/3
  1372 | D:2      | Found a shimmering altar of Xom.
  1596 | D:2      | Noticed Jessica
  1605 | D:2      | Killed Jessica
  1606 | D:2      | Reached skill level 7 in Polearms
  1606 | D:2      | Reached XP level 4. HP: 33/33 MP: 4/4
  1812 | D:2      | Found Maapnuga's Book Shop.
  1923 | D:2      | Found a faded altar of an unknown god.
  1985 | D:2      | Noticed Natasha
  1989 | D:2      | Killed Natasha
  1990 | D:2      | Reached skill level 8 in Polearms
  1990 | D:2      | Reached XP level 5. HP: 38/38 MP: 5/5
  2132 | D:2      | Noticed Natasha
  2142 | D:2      | Killed Natasha
  2289 | D:2      | Noticed Natasha
  2372 | D:2      | Killed from afar by Natasha

Illustrated notes

Levels and vault maps discovered:
D:1:      minmay_arrival_four_circles, layout_basic, serial_forest,
          infiniplex_forest_clump_double, infiniplex_forest_end_2,
          infiniplex_forest_end_1, infiniplex_forest_straight_1,
          infiniplex_forest_corner_1, infiniplex_forest_corner_2
D:2:      layout_rooms, hellmonk_ecumenical_altar_inner_sanctum, serial_shops,
          shop_statue, serial_rivers, chequers_serial_rivers_marsh,
          chequers_serial_rivers_micro_a, chequers_serial_rivers_small_3,
          chequers_serial_rivers_micro_b, chequers_serial_rivers_micro_e,
          chequers_serial_rivers_room_a, basic_altar, minmay_pentomino_q4,
          uniq_natasha, uniq_jessica

Skill      XL: |  1  2  3  4 |
---------------+-------------+-----
Polearms       | 5 6 7 8 |  8.4
Fighting       | |  2.1
Throwing       | |  2.0
Dodging        | |  4.0

Action                   |  1- 3 |  4- 6 || total
-------------------------+-------+-------++-------
Melee: Trident           |   125 |    54 ||   179
 Stab: Distracted        |     1 |       ||     1
Armor: Leather armour    |    19 |     4 ||    23
Dodge: Dodged            |    70 |    12 ||    82

Table legend: (Time is in decaauts)
 A = Elapsed time spent in this place.
 B = Non-inter-level travel time spent in this place.
 C = Inter-level travel time spent in this place.
 D = Time resting spent in this place.
 E = Time spent auto-exploring this place.
 F = Levels seen in this place.
 G = Mean time per level.
                   A        B        C        D        E       F      G
               +--------+--------+--------+--------+--------+-----+--------+
         Total |   2336 |   2310 |     26 |    472 |   1239 |   2 | 1168.0 |
       Dungeon |   2336 |   2310 |     26 |    472 |   1239 |   2 | 1168.0 |
               +--------+--------+--------+--------+--------+-----+--------+

Top non-repeatable levels by time:
     D:1: 1351 daAuts
     D:2: 984 daAuts
